 Dungeon Crawl Stone Soup version 0.28-a0-206-gc2c9e32840 (webtiles) character file.

Game seed: 13320151994338313721

3736 tatocazan the Covert (level 9, -1/46 HPs)
             Began as a Spriggan Brigand on Aug 20, 2021.
             Was a Follower of Wu Jian.
             Hit by a large rock thrown by a cyclops (27 damage)
             ... on level 8 of the Dungeon.
             The game lasted 00:17:50 (11537 turns).

tatocazan the Covert (Spriggan Brigand)            Turns: 11537, Time: 00:17:51

Health: -1/46      AC:  6    Str: 13    XL:     9   Next: 93%
Magic:  10/10      EV: 26    Int: 12    God:    Wu Jian [*.....]
Gold:   314        SH:  0    Dex: 20    Spells: 8/8 levels left

rFire   . . .      SeeInvis +   d - +2 short sword (venom)
rCold   . . .      Faith    .   (shield restricted)
rNeg    . . .      Spirit   .   z - +0 steam dragon scales
rPois   .          Reflect  .   (helmet restricted)
rElec   .          Harm     .   c - +0 cloak
rCorr   .          Rampage  .   (gloves unavailable)
Will    +....                   (boots unavailable)
Stlth   +++++.....              (no amulet)
HPRegen 0.15/turn               F - +4 ring of evasion
MPRegen 0.12/turn               y - +6 ring of strength

@: studying Air Magic, very quick
A: very small, no large weapons, unfitting armour, see invisible, speed 3
a: Renounce Religion


You were on level 8 of the Dungeon.
You worshipped Wu Jian.
Wu Jian was aware of your devotion.
You visited 2 branches of the dungeon, and saw 9 of its levels.

You collected 314 gold pieces.

Inventory:

Hand Weapons
 a - a +2 dagger
 d - a +2 short sword of venom (weapon)
 i - a +0 whip of freezing
 q - a +2 dagger of freezing
Missiles
 f - 3 poisoned darts (quivered)
 g - 4 throwing nets
 v - 7 curare-tipped darts
Armour
 c - a +0 cloak (worn)
 u - a +2 robe of cold resistance
 z - +0 steam dragon scales (worn)
Jewellery
 e - a ring of wizardry
 j - a ring of poison resistance
 k - a ring of positive energy
 y - a +6 ring of strength (right hand)
 F - a +4 ring of evasion (left hand)
 K - a ring of protection from fire
Wands
 E - a wand of polymorph (14)
 M - a wand of flame (17)
Scrolls
 h - 4 scrolls of noise {unknown}
 p - 3 scrolls of teleportation
 t - a scroll of torment {unknown}
 C - 3 scrolls of identify
 D - a scroll of enchant armour {unknown}
 G - a scroll of summoning {unknown}
 L - a scroll of magic mapping {unknown}
Potions
 b - a potion of curing {unknown}
 l - 2 potions of cancellation
 m - a potion of magic {unknown}
 n - 2 potions of might {unknown}
 o - 2 potions of ambrosia
 r - 3 potions of haste
 s - 4 potions of mutation {unknown}
 w - 2 potions of lignification
 x - 3 potions of heal wounds {unknown}
 A - a potion of flight {unknown}
 B - a potion of degeneration {unknown}
 H - 2 potions of berserk rage {unknown}
 I - a potion of invisibility {unknown}
 J - a potion of resistance {unknown}


   Skills:
 + Level 4.8 Fighting
 * Level 8.7 Short Blades
 + Level 5.7 Throwing
 + Level 7.3 Dodging
 * Level 12.5 Stealth


You had 8 spell levels left.
You didn't know any spells.
Your spell library contained the following spells:

 Spells                   Type           Power      Damage    Failure   Level
 Shock                    Conj/Air       0%         1d3       32%         1
 Sting                    Tmut/Pois      0%         1d3       32%         1
 Poisonous Vapours        Pois/Air       0%         N/A       45%         2
 Swiftness                Air            0%         N/A       69%         3
 Airstrike                Air            0%         N/A       97%         4
 Olgreb's Toxic Radiance  Pois           0%         N/A       97%         4
 Iskenderun's Battlesphe  Conj           0%         2d6       100%        5
 Iron Shot                Conj/Erth      0%         9d1       100%        6
 Spellforged Servitor     Conj/Summ      0%         N/A       100%        7


Dungeon Overview and Level Annotations

Branches:
Dungeon (8/15)             Temple (1/1) D:4
   Lair: D:8-11

Altars:
Ashenzari
Dithmenos
Elyvilon
Fedhas
Gozag
Hepliaklqana
Makhleb
Nemelex Xobeh
Okawaru
Ru
Sif Muna
Trog
Uskayaw
Vehumet
Wu Jian
Xom
Zin
The Shining One

Shops:
D:3 :[(:   D:4 *   D:8 (


Innate Abilities, Weirdness & Mutations

You are very small and have problems with some larger weapons.
You are too small for most types of armour.
You have supernaturally acute eyesight. (SInv)
You cover ground extremely quickly. (Speed+++)


Message History

You are too injured to fight recklessly!
You are too injured to fight recklessly!
You are too injured to fight recklessly!
You hit the orc warrior.
You kill the orc warrior!
The Council accepts your kill.
Things that are here:
a +0 trident; a +0 plate armour; an orc corpse You start resting.
HP restored.
You start waiting.
Done waiting.
Health restored: 46 A cyclops is nearby!
A cyclops is nearby!
A cyclops is nearby!
A cyclops is nearby!
A cyclops is nearby!
You lunge at the cyclops.
The cyclops shouts!
You hit the cyclops.
The cyclops is poisoned.
The cyclops is lightly wounded.
You hit the cyclops but do no damage.
The cyclops looks even sicker.
The cyclops is lightly wounded.
The cyclops hits you!!
You take 21 damage, and have 25/46 hp.
MASSIVE DAMAGE!!
You are too injured to fight recklessly!
You are too injured to fight recklessly!
You are too injured to fight recklessly!
You are too injured to fight recklessly!
You spin and attack the cyclops.
You hit the cyclops but do no damage.
The cyclops is lightly wounded.
You spin and attack the cyclops.
You hit the cyclops but do no damage.
The cyclops is lightly wounded.
The cyclops closely misses you.
You spin and attack the cyclops.
You hit the cyclops.
The cyclops is lightly wounded.
The cyclops throws a large rock.
The large rock hits you!!
Ouch! That really hurt!
You die...

#.#.#.#.#.#.#.#.#.#.#.#.#.#.#.##.
##.#.#.#.#.#.#.#.#.#.#.#.#.#.#.#.
#.###..........(.###.......##..##
#.###..#########.###.########....
#..##..# ............# #.###
##.##..# ......).###.# #F###
#..#..########### #.## #....
##)#.........######..#######..##
#...#######...@...C..........##
####..# #..####.....####.....
.....># #..# ##...## #..###
####### #..# ##.## #....# .#
#..## #.# ##.##.#
.############...## +#.#+ ##..##.#
.#...............###...###...##.#
.#.##########........8........#.#
^#.# ##...###...###......#


You could see a cyclops (very poisoned).

Vanquished Creatures
  Pikel (D:4)
  Joseph (D:8)
  Grinder (D:4)
  A troll (D:7)
  Sigmund (D:5)
  A wyvern (D:8)
  A steam dragon (D:6)
  Menkaure (D:4)
  Duvessa (D:6)
  A sky beast (D:7)
  An ice beast (D:8)
  An orc warrior (D:8)
  A black bear (D:6)
  An ogre (D:6)
  A kobold brigand (D:6)
  Blork the orc (D:2)
  4 bullfrogs
  Dowan (D:6)
  3 gnoll sergeants
  2 scorpions
  A water moccasin zombie (D:5)
  5 wights
  Terence (D:2)
  Natasha (D:4)
  3 iguanas
  An orc wizard (D:3)
  A killer bee zombie (D:5)
  16 gnolls
  2 adders
  A shadow imp (D:6)
  3 white imps (D:5)
  An adder zombie (D:5)
  A worm (D:2)
  3 dart slugs
  12 orcs
  5 bats
  5 endoplasms
  3 giant cockroaches
  5 goblins
  9 hobgoblins
  6 jackals
  3 quokkas
  11 ball pythons
  4 frilled lizards
  8 kobolds
  5 rats
142 creatures vanquished.

Vanquished Creatures (others)
  A fungus (D:2)
1 creature vanquished.

Grand Total: 143 creatures vanquished

Notes
Turn   | Place    | Note
-------+----------+-------------------------------------------
     0 | D:1      | tatocazan the Spriggan Brigand began the quest for the Orb.
     0 | D:1      | Reached XP level 1. HP: 10/10 MP: 2/2
    38 | D:1      | Reached skill level 6 in Stealth
    38 | D:1      | Reached XP level 2. HP: 15/15 MP: 3/3
   269 | D:1      | Reached XP level 3. HP: 14/18 MP: 4/4
  2081 | D:2      | Noticed Terence
  2110 | D:2      | Killed Terence
  2111 | D:2      | Reached XP level 4. HP: 23/23 MP: 5/5
  2168 | D:2      | Found a faded altar of an unknown god.
  3274 | D:3      | Found Aphochumek's Book Shop.
  3277 | D:3      | Found Ypnoteosch's Antique Armour Emporium.
  3364 | D:3      | Found Qaicepri's Antique Weapon Shop.
  3585 | D:3      | Found Haeh's Book Emporium.
  3972 | D:3      | Reached XP level 5. HP: 16/26 MP: 6/6
  4249 | D:4      | Found a staircase to the Ecumenical Temple.
  4258 | Temple   | Entered the Ecumenical Temple
  4417 | D:4      | Found an ornate altar of the Wu Jian Council.
  4434 | D:4      | Found a broken altar of Ashenzari.
  4435 | D:4      | Noticed Grinder
  4438 | D:4      | Noticed Blork the orc
  4488 | D:4      | Noticed Menkaure
  4511 | D:4      | Killed Menkaure
  4512 | D:4      | Reached skill level 7 in Stealth
  4512 | D:4      | Reached XP level 6. HP: 12/32 MP: 7/7
  4705 | D:2      | Killed Blork the orc
  5597 | D:4      | Noticed Natasha
  5599 | D:4      | Killed Natasha
  5600 | D:4      | Found Zilludgh's Neck Hole.
  5628 | D:5      | Entered Level 5 of the Dungeon
  5688 | D:5      | Noticed Pikel
  5719 | D:4      | Killed Pikel
  5720 | D:4      | Reached skill level 5 in Short Blades
  5720 | D:4      | Reached skill level 9 in Stealth
  5720 | D:4      | Reached XP level 7. HP: 30/36 MP: 8/8
  6408 | D:5      | Reached XP level 8. HP: 21/40 MP: 9/9
  6706 | D:5      | Noticed Sigmund
  6709 | D:5      | Killed Sigmund
  6710 | D:5      | Reached skill level 5 in Dodging
  6824 | D:5      | Found a shadowy altar of Dithmenos.
  6880 | D:4      | Became a worshipper of the Wu Jian Council
  7112 | D:6      | Noticed Duvessa
  7114 | D:6      | Noticed Dowan
  7115 | D:6      | Killed Duvessa
  7126 | D:6      | Killed Dowan
  7191 | D:6      | Reached skill level 10 in Stealth
  8095 | D:4      | Paralysed by Grinder for 3 turns
  8113 | D:4      | Killed Grinder
  8114 | D:4      | Reached skill level 11 in Stealth
  8114 | D:4      | Reached XP level 9. HP: 25/45 MP: 10/10
  8618 | D:6      | Found a shimmering altar of Xom.
  8618 | D:6      | Found a blossoming altar of Fedhas.
  8619 | D:6      | Found an opulent altar of Gozag.
  8782 | D:6      | Reached skill level 5 in Throwing
  9560 | D:7      | Found a hazy altar of Hepliaklqana.
  9560 | D:7      | Noticed a troll
  9568 | D:7      | Killed a troll
 10362 | D:8      | Reached * piety under Wu Jian
 10374 | D:8      | Noticed Joseph
 10377 | D:8      | Killed Joseph
 10378 | D:8      | Reached skill level 12 in Stealth
 10417 | D:8      | Found Voasuun's Antique Weapon Shop.
 10613 | D:8      | Found a radiant altar of Vehumet.
 11139 | D:8      | Noticed a cyclops
 11537 | D:8      | Hit by a large rock thrown by a cyclops

Illustrated notes

Levels and vault maps discovered:
D:1:      lemuel_arrival_muddy, layout_loops_cross, grunt_decor_fettered,
          st_stairs_10, minmay_pentomino_p4
D:2:      layout_rooms, ebering_ecumenical_altar_sacrificial,
          uniq_crazy_yiuf_cottage, uniq_terence
D:3:      layout_rooms, serial_shops, nicolae_square_shop, shop,
          nicolae_diamond_shop, shop
D:4:      layout_rooms, mainiacjoe_overflow_catwalk, nzn_wu_jian_council_hall,
          minmay_temple_entry_drinking_statues, minivault_25,
          hangedman_abyss_or_decor_lesser_grid,
          nicolae_shop_sticking_my_neck_out, uniq_menkaure, uniq_natasha,
          uniq_blork_the_orc, uniq_grinder
D:5:      layout_cave_pools, lemuel_crystal_altar, serial_column_ruins,
          column_ruins_grid_1, column_ruins_corridor_straight,
          column_ruins_open_small, column_ruins_columns_dead_end,
          column_ruins_open_tiny, column_ruins_columns_straight,
          column_ruins_grid_3, uniq_pikel, uniq_sigmund
D:6:      layout_basic, chequers_temple_overflow_statue_of_worship, uniq_duvessa
D:7:      layout_loops_ring, mainiacjoe_overflow_chevrons, grunt_ministairs_3,
          minivault_4
D:8:      cheibrodos_barr_body, layout_basic, mainiacjoe_overflow_paths,
          serial_shops, nicolae_shop_temple_entry_statues_fountains, uniq_joseph
Temple:   compressed_dpeg_circular_temple

Skill      XL: |  1  2  3  4  5  6  7  8  9 |
---------------+----------------------------+-----
Stealth        | 6 7 9 11 12 | 12.5
Dodging        | 2 3 4 6 7 |  7.3
Fighting       | 2 3 4 |  4.8
Short Blades   | 3 4 5 7 8 |  8.7
Throwing       | 3 4 5 |  5.7

Action                   |  1- 3 |  4- 6 |  7- 9 || total
-------------------------+-------+-------+-------++-------
Melee: Dagger            |   158 |   222 |    38 ||   418
       Short sword       |       |       |   268 ||   268
Throw: Dart              |    16 |    33 |     9 ||    58
Invok: Lunge             |       |       |    21 ||    21
       Whirlwind         |       |       |     3 ||     3
  Use: Scroll            |       |       |     8 ||     8
 Stab: Sleeping          |    12 |     6 |    19 ||    37
       Distracted        |     1 |     2 |     1 ||     4
Armor: Robe              |    21 |     9 |    15 ||    45
       Steam dragon scal |       |       |     7 ||     7
Dodge: Dodged            |   134 |   102 |   181 ||   417

Table legend: (Time is in decaauts)
 A = Elapsed time spent in this place.
 B = Non-inter-level travel time spent in this place.
 C = Inter-level travel time spent in this place.
 D = Time resting spent in this place.
 E = Time spent auto-exploring this place.
 F = Levels seen in this place.
 G = Mean time per level.
                   A        B        C        D        E       F      G
               +--------+--------+--------+--------+--------+-----+--------+
         Total |   9325 |   9032 |    293 |   4910 |   2635 |   9 | 1036.1 |
       Dungeon |   9256 |   8967 |    289 |   4910 |   2572 |   8 | 1157.0 |
        Temple |     68 |     64 |      4 |      0 |     62 |   1 |   68.0 |
               +--------+--------+--------+--------+--------+-----+--------+

Top non-repeatable levels by time:
     D:1: 1814 daAuts
     D:6: 1380 daAuts
     D:2: 1229 daAuts
     D:5: 1179 daAuts
     D:4: 1164 daAuts
     D:3: 949 daAuts
     D:8: 931 daAuts
     D:7: 608 daAuts
  Temple: 68 daAuts
